 Dungeon Crawl Stone Soup version 0.30-a0-1016-gfb0d676c02 (webtiles) character file.

Game seed: 10339796412729038777

29428 Newt the Markskobold (level 13, -2/70 HPs)
             Began as a Kobold Hunter on Apr 6, 2023.
             Was a Priest of Hepliaklqana.
             Slain by a two-headed ogre
             ... wielding a +0 giant spiked club
              (23 damage)
             ... on level 2 of the Orcish Mines.
             The game lasted 00:18:59 (15140 turns).

Newt the Markskobold (Kobold Hunter)               Turns: 15140, Time: 00:19:00

Health: -2/70      AC:  9    Str: 17    XL:     13   Next: 81%
Magic:  19/19      EV: 24    Int:  8    God:    Hepliaklqana [***...]
Gold:   1333       SH:  0    Dex: 27    Spells: 12/12 levels left

rFire   + . .      SeeInvis .    w - +2 shortbow (flame)
rCold   + . .      Faith    .    (shield currently unavailable)
rNeg    . . .      Spirit   .    O - +1 leather armour {Will+}
rPois   .          Reflect  .    n - +2 helmet
rElec   .          Rampage  .    F - scarf {rC+ rF+}
rCorr   .                        (no gloves)
Will    ++...                    E - +0 pair of boots
Stlth   +++                      L - amulet of regeneration
HPRegen 1.11/turn                h - ring of willpower
MPRegen 0.16/turn                A - +6 ring of strength

@: no status effects
A: reduced essence, small, no large weapons, nightstalker 3, agile 1, strong 1,
subdued magic 1
a: Renounce Religion, Recall Ancestor, Ancestor Identity, Transference


You were on level 2 of the Orcish Mines.
You worshipped Hepliaklqana.
Hepliaklqana was most pleased with you.
You visited 3 branches of the dungeon, and saw 14 of its levels.

You collected 1597 gold pieces.
You spent 264 gold pieces at shops.

Inventory:

Hand Weapons
 a - a +2 shortbow
 w - a +2 shortbow of flaming (weapon)
Armour
 c - a +0 leather armour
 d - a +0 helmet
 n - a +2 helmet (worn)
 o - a +2 leather armour of fire resistance
 E - a +0 pair of boots (worn)
 F - a scarf of resistance (worn)
 O - a +1 leather armour of willpower (worn)
Jewellery
 g - an amulet of magic regeneration
 h - a ring of willpower (left hand)
 r - an amulet of guardian spirit
 A - a +6 ring of strength (right hand)
 B - a ring of resist corrosion
 I - a +4 ring of protection
 L - an amulet of regeneration (around neck)
Wands
 j - a wand of flame (38)
 k - a wand of polymorph (1)
 v - a wand of paralysis (4)
 H - a wand of quicksilver (1)
 K - a wand of mindburst (5)
Scrolls
 b - 5 scrolls of immolation
 f - 4 scrolls of identify
 p - 5 scrolls of teleportation
 s - a scroll of silence
 t - 3 scrolls of enchant armour
 u - 3 scrolls of amnesia
 y - 2 scrolls of poison
 D - 2 scrolls of noise
Potions
 e - a potion of mutation
 i - 2 potions of might
 l - 2 potions of flight
 m - 2 potions of magic
 x - a potion of lignification
 z - a potion of brilliance
 C - a potion of attraction
 G - 2 potions of heal wounds
 J - a potion of curing
Miscellaneous
 q - a piece from Xom's chessboard (15/15)
 N - a condenser vane


   Skills:
 - Level 8.0 Fighting
 - Level 20.0 Ranged Weapons
 - Level 5.0 Armour
 - Level 10.0 Dodging
 - Level 1.3 Stealth
 - Level 9.0 Invocations
 + Level 9.3 Evocations


You had 12 spell levels left.
You didn't know any spells.
Your spell library contained the following spells:

 Spells                   Type           Power      Damage    Failure   Level
 Sting                    Tmut/Pois      0%         1d3       41%         1
 Ensorcelled Hibernation  Hex/Ice        0%         N/A       56%         2
 Poisonous Vapours        Pois/Air       0%         N/A       56%         2
 Ozocubu's Armour         Ice            0%         N/A       80%         3
 Spider Form              Tmut/Pois      0%         N/A       80%         3
 Volatile Blastmotes      Fire/Tloc      0%         2d10      80%         3
 Anguish                  Hex/Necr       0%         N/A       99%         4
 Fulminant Prism          Conj/Hex       0%         3d5       99%         4
 Iskenderun's Mystic Bla  Conj/Tloc      0%         2d3       99%         4
 Olgreb's Toxic Radiance  Pois           0%         N/A       99%         4
 Lee's Rapid Deconstruct  Erth           0%         3d4*      100%        5
 Ozocubu's Refrigeration  Ice            0%         4d7       100%        7


Dungeon Overview and Level Annotations

Branches:
Dungeon (11/15)            Temple (1/1) D:4            Lair (0/5) D:9
    Orc (2/2) D:9             Elf (0/3) Orc:2

Altars:
Ashenzari
Cheibriados
Dithmenos
Elyvilon
Fedhas
Gozag
Hepliaklqana
Kikubaaqudgha
Makhleb
Nemelex Xobeh
Okawaru
Qazlal
Ru
Sif Muna
Trog
Uskayaw
Vehumet
Wu Jian
Xom
Yredelemnul
Zin
The Shining One

Shops:
D:3 ?   D:6 *(   D:7 **   D:10 *   D:11 [[

Annotations:
D:3 1 runed translucent door, Sleet's ghost, amateur OpBr


Innate Abilities, Weirdness & Mutations

Your life essence is reduced to manifest your ancestor. (-10% HP)
You are small and have problems with some larger weapons.
You are completely attuned to the shadows.
You are agile. (Dex +4, Str/Int -1)
Your muscles are strong. (Str +4, Int/Dex -1)
Your spells are a little easier to cast, but a little less powerful.


Message History

The arrow hits the two-headed ogre but does no damage.
You shoot an arrow.
The arrow hits the two-headed ogre but does no damage.
The two-headed ogre completely misses you.
The two-headed ogre hits you with a +0 giant spiked club!
You shoot an arrow. The arrow hits the two-headed ogre.
The arrow burns the two-headed ogre.
The two-headed ogre is lightly wounded.
You shoot an arrow. The arrow hits the two-headed ogre!
The arrow burns the two-headed ogre.
The two-headed ogre is moderately wounded.
The two-headed ogre closely misses you. The two-headed ogre misses you.
You shoot an arrow. The arrow hits the two-headed ogre.
The arrow burns the two-headed ogre.
The two-headed ogre is moderately wounded.
You shoot an arrow. The arrow hits the two-headed ogre.
The arrow burns the two-headed ogre.
The two-headed ogre is moderately wounded.
The two-headed ogre barely misses you.
The two-headed ogre hits you with a +0 giant spiked club!
You shoot an arrow.
The arrow completely misses the two-headed ogre.
You shoot an arrow. The arrow hits the two-headed ogre!!
The arrow burns the two-headed ogre.
The two-headed ogre is severely wounded.
The two-headed ogre hits you with a +0 giant spiked club!!
The two-headed ogre hits you with a +0 giant spiked club!
* * * LOW HITPOINT WARNING * * *
You are too injured to fight recklessly!
You are too injured to fight recklessly!
You are too injured to fight recklessly!
You are too injured to fight recklessly!
You shoot an arrow. The arrow hits the two-headed ogre!
The arrow burns the two-headed ogre.
The two-headed ogre is almost dead.
Unknown command.
The two-headed ogre attacks as you move away!
The two-headed ogre barely misses you.
The two-headed ogre hits you with a +0 giant spiked club!!
You die...

......).{#)#........
#....o..#######....
#....o..# ##...
###..#### ###. ##.###
### ##
#....#####.#######
##).....#....#.....
##)..#..............
##.#@##.#.)......###O
#.))#OO.....)...## .
##).oO.....).)..# O
#...............# O
##..o........#..#
###..#.........#
##.......).....#
##..............#
##.#.............#O


You could see 2 two-headed ogres and an ogre.

Vanquished Creatures
  2 ogre magi (Orc:2)
  Erica (D:9)
  A boulder beetle (D:11)
  11 two-headed ogres
  Lodul (D:10)
  An orc knight (D:9)
  3 orc sorcerers
  A manticore (D:11)
  A cyclops (D:11)
  2 kobold demonologists (D:10)
  A yaktaur (D:11)
  4 hornets (D:10)
  Grinder (D:3)
  Prince Ribbit (D:6)
  2 shadows
  3 wyverns (D:9)
  2 wraiths
  14 yaks
  Grum (D:10)
  3 steam dragons
  2 wargs
  17 orc warriors
  2 floating eyes (D:10)
  A black bear (D:4)
  24 ogres
  5 centaurs
  2 wolves (D:10)
  A kobold brigand (D:7)
  3 bullfrogs
  A gnoll sergeant (D:9)
  7 scorpions
  16 killer bees
  6 howler monkeys
  A jelly (D:5)
  4 hounds
  11 orc priests
  A gnoll bouda (D:5)
  4 iguanas
  3 sleepcaps
  Ijyb (D:3)
  21 orc wizards
  Robin (D:3)
  17 gnolls
  9 adders
  2 shadow imps
  2 ufetubi (D:5)
  A worm (D:3)
  4 dart slugs
  60 orcs
  2 bats
  4 endoplasms
  2 giant cockroaches
  13 goblins
  14 hobgoblins
  5 jackals (D:4)
  6 kobolds
  4 quokkas
  4 ball pythons
  2 frilled lizards
  7 rats
348 creatures vanquished.

Vanquished Creatures (collateral kills)
  An orc warlord (Orc:2)
  4 two-headed ogres (Orc:2)
  A troll (D:11)
  5 yaks
  An orc warrior (Orc:2)
  3 ogres (Orc:2)
  A wolf (D:10)
  An orc priest (Orc:2)
  An orc wizard (Orc:1)
  7 orcs
25 creatures vanquished.

Vanquished Creatures (others)
  4 knights
  2 ancestors (D:10)
  23 fungi (D:9)
  23 plants
52 creatures vanquished.

Grand Total: 425 creatures vanquished

Notes
Turn   | Place    | Note
-------+----------+-------------------------------------------
     0 | D:1      | Newt the Kobold Hunter began the quest for the Orb.
     0 | D:1      | Reached XP level 1. HP: 12/12 MP: 1/1
   139 | D:1      | Reached XP level 2. HP: 18/18 MP: 2/2
   477 | D:1      | Found a faded altar of an unknown god.
   766 | D:2      | Reached XP level 3. HP: 14/24 MP: 3/3
  1094 | D:2      | Reached XP level 4. HP: 26/30 MP: 4/4
  1204 | D:2      | Reached skill level 5 in Fighting
  1453 | D:2      | Reached XP level 5. HP: 35/35 MP: 5/5
  1726 | D:3      | Reached skill level 6 in Ranged Weapons
  1798 | D:3      | Found a runed translucent door.
  1800 | D:3      | Noticed Sleet's ghost (amateur OpBr)
  1903 | D:3      | Noticed Robin
  1918 | D:3      | Killed Robin
  1919 | D:3      | Reached skill level 7 in Ranged Weapons
  1929 | D:3      | Reached XP level 6. HP: 6/40 MP: 6/6
  2029 | D:3      | Noticed Grinder
  2042 | D:3      | Killed Grinder
  2043 | D:3      | Reached skill level 8 in Ranged Weapons
  2043 | D:3      | Reached XP level 7. HP: 14/44 MP: 7/7
  2471 | D:3      | Found Buonwiots's Magic Scroll Boutique.
  2471 | D:3      | Noticed Ijyb
  2479 | D:3      | Killed Ijyb
  2480 | D:3      | Reached skill level 9 in Ranged Weapons
  2497 | D:3      | Bought a scroll of identify for 20 gold pieces
  2497 | D:3      | Bought a scroll of identify for 20 gold pieces
  2497 | D:3      | Bought a scroll of identify for 20 gold pieces
  3002 | D:4      | Found a staircase to the Ecumenical Temple.
  3044 | D:4      | Reached skill level 10 in Ranged Weapons
  3319 | D:4      | Gained mutation: Your muscles are strong. (Str +4, Int/Dex
                  | -1) [potion of mutation]
  3319 | D:4      | Gained mutation: You are agile. (Dex +4, Str/Int -1)
                  | [potion of mutation]
  3319 | D:4      | Gained mutation: Your spells are a little easier to cast,
                  | but a little less powerful. [potion of mutation]
  3382 | D:4      | Reached XP level 8. HP: 49/49 MP: 8/8
  3409 | D:4      | Reached skill level 5 in Dodging
  3938 | D:5      | Entered Level 5 of the Dungeon
  4335 | D:5      | Found a stormy altar of Qazlal.
  4620 | D:5      | Reached XP level 9. HP: 48/58 MP: 9/9
  5390 | D:6      | Reached skill level 11 in Ranged Weapons
  5419 | D:6      | Noticed Prince Ribbit
  5427 | D:6      | Killed Prince Ribbit
  5610 | D:6      | Found Nuomekat's Weapon Shop.
  5684 | D:6      | Reached skill level 12 in Ranged Weapons
  5765 | D:6      | Found Huhe's Gadget Gallery.
  6350 | D:6      | Noticed a moth of wrath
  6354 | D:6      | Found a bloodstained altar of Trog.
  6494 | D:7      | Found Ycvanno's General Store.
  6494 | D:7      | Found Reucw's Specific Store.
  6561 | D:7      | Reached skill level 13 in Ranged Weapons
  6707 | D:7      | Found a shadowy altar of Dithmenos.
  6804 | D:7      | Identified the +1 robe of the Oily God {rC+ rCorr Dex+4}
  6860 | D:7      | Found a shimmering altar of Xom.
  6863 | D:7      | Found a glowing golden altar of the Shining One.
  7499 | Temple   | Entered the Ecumenical Temple
  7735 | D:8      | Reached XP level 10. HP: 64/64 MP: 10/10
  7802 | D:8      | Reached skill level 14 in Ranged Weapons
  8150 | D:8      | Noticed a two-headed ogre
  8163 | D:8      | Killed a two-headed ogre
  8319 | D:8      | Found a snail-covered altar of Cheibriados.
  8626 | D:8      | Found a hazy altar of Hepliaklqana.
  8638 | D:8      | Found an ancient bone altar of Kikubaaqudgha.
  8756 | D:8      | Became a worshipper of Hepliaklqana the Forgotten
  8823 | D:9      | Reached skill level 10 in Dodging
  8870 | D:9      | Found a staircase to the Orcish Mines.
  9005 | D:9      | Found a burning altar of Makhleb.
  9006 | D:9      | Noticed a two-headed ogre
  9015 | D:9      | Killed a two-headed ogre
  9022 | D:9      | Reached skill level 5 in Evocations
  9057 | D:9      | Reached skill level 1 in Armour
  9057 | D:9      | Reached XP level 11. HP: 42/68 MP: 8/11
  9563 | D:9      | Found a blossoming altar of Fedhas.
  9924 | D:9      | Found a staircase to the Lair.
  9932 | D:9      | Reached skill level 5 in Armour
 10096 | D:10     | Entered Level 10 of the Dungeon
 10173 | D:10     | Found Nufylon's General Store.
 10177 | D:10     | Bought a scroll of identify for 22 gold pieces
 10264 | D:10     | Reached * piety under Hepliaklqana
 10351 | D:10     | Noticed Lodul
 10959 | D:10     | Reached skill level 15 in Ranged Weapons
 10964 | D:10     | Noticed Grum
 10969 | D:10     | Killed Grum
 11078 | D:10     | Noticed a two-headed ogre
 11094 | D:10     | Killed a two-headed ogre
 11104 | D:10     | Reached skill level 16 in Ranged Weapons
 11104 | D:10     | Reached skill level 1 in Invocations
 11319 | D:10     | Noticed an orc sorcerer
 11326 | D:10     | Killed an orc sorcerer
 11327 | D:10     | Reached XP level 12. HP: 63/65 MP: 11/14
 11340 | D:10     | Paralysed by a floating eye for 3 turns
 11352 | D:10     | Reached skill level 5 in Invocations
 11609 | D:10     | Killed Lodul
 12351 | D:11     | Reached ** piety under Hepliaklqana
 12352 | D:11     | Remembered your ancestor Udjahorresnet as a knight
 12412 | D:11     | Found Tiateff's Armour Shoppe.
 12574 | D:11     | Noticed a boulder beetle
 12593 | D:11     | Killed a boulder beetle
 12878 | D:11     | Found Adudyllu's Armour Shop.
 13363 | D:11     | Bought a +1 leather armour of willpower for 182 gold pieces
 13439 | Orc:1    | Entered Level 1 of the Orcish Mines
 13454 | Orc:1    | Noticed Erica
 13473 | D:9      | Killed Erica
 13536 | D:9      | Reached skill level 17 in Ranged Weapons
 14527 | Orc:2    | Entered Level 2 of the Orcish Mines
 14706 | Orc:2    | Found a staircase to the Elven Halls.
 14726 | Orc:2    | Reached *** piety under Hepliaklqana
 14793 | Orc:2    | Noticed an orc warlord
 14800 | Orc:2    | Killed an orc warlord
 14801 | Orc:2    | Reached skill level 18 in Ranged Weapons
 14801 | Orc:2    | Reached XP level 13. HP: 63/70 MP: 19/19
 14950 | Orc:2    | Reached skill level 19 in Ranged Weapons
 15035 | Orc:2    | Reached skill level 20 in Ranged Weapons
 15041 | Orc:2    | Noticed an ogre mage
 15053 | Orc:2    | Killed an ogre mage
 15091 | Orc:2    | Noticed an ogre mage
 15099 | Orc:2    | Killed an ogre mage
 15140 | Orc:2    | Slain by a two-headed ogre

Illustrated notes

Levels and vault maps discovered:
D:1:      lightli_arrival_chessboard, layout_loops_ring,
          shapermc_ecumenical_altar_ellora, dk_noncrumbling_3
D:2:      layout_loops_cross, guppyfry_early_orc_mine
D:3:      layout_loops_ring, serial_shops, shop, ebering_ghost_inner_flame,
          uniq_ijyb, uniq_robin, uniq_grinder
D:4:      layout_cave_pods, minmay_temple_entry_drinking_statues, serial_forest,
          infiniplex_forest_clump_curved, infiniplex_forest_end_3,
          infiniplex_forest_corner_1, infiniplex_forest_end_2,
          infiniplex_forest_lined_room_2, infiniplex_forest_3_way,
          hangedman_minor_gate_pass
D:5:      layout_loops_corners, mainiacjoe_overflow_six_doors_small
D:6:      layout_loops_ring, tgw_trog, serial_shops,
          nicolae_shop_bloodbath_and_beyond, nicolae_shop_gadgets,
          uniq_prince_ribbit1
D:7:      layout_cave_pods, jmf_multi_god_temple,
          nicolae_dithmenos_the_darkroom, nicolae_specific_store
D:8:      layout_cave_pools, kennysheep_slug_shrine,
          mainiacjoe_overflow_large_starburst
D:9:      layout_roguey, grunt_lair_entry_orc_guard_hut, orc_0_dummy,
          hangedman_feature_mirror
D:10:     hellmonk_paralyzer, layout_gridville, serial_shops, shop, uniq_lodul,
          uniq_grum
D:11:     layout_stronghold, serial_shops, shop_statue, shop_fountains
Temple:   nicolae_temple_great_sept
Orc:1:    nicolae_orc_accident_3, layout_caves, uniq_erica
Orc:2:    st_orc_ogre_mass, layout_diamond_mine, uniq_sonja

Skill      XL: |  1  2  3  4  5  6  7  8  9 10 11 12 13 |
---------------+----------------------------------------+-----
Fighting       | 3 4 5 7 8 |  8.0
Ranged Weapons | 7 8 10 13 14 16 18 20 | 20.0
Dodging        | 4 6 10 | 10.0
Evocations     | 6 9 |  9.3
Armour         | 1 5 |  5.0
Invocations    | 3 9 |  9.0
Stealth        | |  1.3

Action                     |  1- 3 |  4- 6 |  7- 9 | 10-12 | 13-15 || total
---------------------------+-------+-------+-------+-------+-------++-------
   Fire: Shortbow          |    55 |    95 |   361 |   667 |   136 ||  1314
 Invoke: Ancestor Life: Kn |       |       |       |     1 |       ||     1
         Recall Ancestor   |       |       |       |       |     1 ||     1
  Evoke: Wand              |       |       |       |     8 |       ||     8
         Condenser vane    |       |       |       |       |     1 ||     1
    Use: Scroll            |     3 |     5 |    12 |     3 |       ||    23
         Potion            |     1 |       |     2 |     3 |     1 ||     7
 Armour: Leather armour    |     2 |     6 |    33 |    41 |     2 ||    84
  Dodge: Dodged            |    22 |    29 |   143 |   292 |    50 ||   536

Table legend: (Time is in decaauts)
 A = Elapsed time spent in this place.
 B = Non-inter-level travel time spent in this place.
 C = Inter-level travel time spent in this place.
 D = Time resting spent in this place.
 E = Time spent auto-exploring this place.
 F = Levels seen in this place.
 G = Mean time per level.
                   A        B        C        D        E       F      G
               +--------+--------+--------+--------+--------+-----+--------+
         Total |  14983 |  14368 |    615 |   2681 |   9670 |  14 | 1070.2 |
       Dungeon |  13775 |  13189 |    586 |   2641 |   8875 |  11 | 1252.3 |
        Temple |    144 |    130 |     14 |      0 |    117 |   1 |  144.0 |
  Orcish Mines |   1063 |   1049 |     14 |     40 |    678 |   2 |  531.5 |
               +--------+--------+--------+--------+--------+-----+--------+

Top non-repeatable levels by time:
     D:9: 2060 daAuts
    D:10: 1730 daAuts
     D:5: 1421 daAuts
    D:11: 1308 daAuts
     D:3: 1230 daAuts
     D:4: 1145 daAuts
     D:6: 1109 daAuts
     D:7: 1084 daAuts
     D:8: 1053 daAuts
     D:2: 885 daAuts
     D:1: 747 daAuts
   Orc:2: 556 daAuts
   Orc:1: 507 daAuts
  Temple: 144 daAuts
